 Dungeon Crawl Stone Soup version 0.27.0-1-g7a089689b8 (webtiles) character file.

Game seed: 1646474468683663010

392 Sin92 the Chopper (level 6, -2/55 HPs)
             Began as a Minotaur Fighter on Aug 11, 2021.
             Killed from afar by Dowan (13 damage)
             ... with a shard of ice
             ... on level 4 of the Dungeon.
             The game lasted 00:02:43 (3487 turns).

Sin92 the Chopper (Minotaur Fighter)                Turns: 3487, Time: 00:02:43

Health: -2/55      AC:  8    Str: 22    XL:     6   Next: 51%
Magic:  5/5        EV:  8    Int:  5    God:
Gold:   132        SH: 10    Dex: 10    Spells: 5/5 levels left

rFire    . . .     SeeInvis .   a - +0 war axe
rCold    . . .     Faith    .   c - +0 kite shield
rNeg     . . .     Spirit   .   b - +0 scale mail
rPois    .         Reflect  .   (helmet restricted)
rElec    .         Harm     .   m - +0 cloak
rCorr    .         Rampage  .   (no gloves)
Will     .....                  (no boots)
Stlth    ..........             (no amulet)
HPRegen  0.18/turn              (no ring)
MPRegen  0.09/turn              (no ring)

@: no status effects
A: horns 2, retaliatory headbutt
a: no special abilities


You were on level 4 of the Dungeon.
You visited 1 branch of the dungeon, and saw 4 of its levels.

You collected 132 gold pieces.

Inventory:

Hand Weapons
 a - a +0 war axe (weapon)
Missiles
 j - 2 throwing nets (quivered)
Armour
 b - a +0 scale mail (worn)
 c - a +0 kite shield (worn)
 m - a +0 cloak (worn)
Jewellery
 q - a ring of protection from fire
Scrolls
 e - a scroll of immolation {unknown}
 g - 3 scrolls of teleportation {unknown}
 h - 2 scrolls of identify {unknown}
 i - a scroll of amnesia {unknown}
Potions
 d - 2 potions of might
 f - 3 potions of curing {unknown}
 k - a potion of resistance {unknown}
 l - a potion of flight {unknown}
 n - a potion of cancellation {unknown}
 o - a potion of invisibility {unknown}
 p - a potion of heal wounds {unknown}


   Skills:
 + Level 4.8 Fighting
 * Level 5.3 Axes
 + Level 4.7 Armour
 + Level 2.6 Dodging
 + Level 5.0 Shields


You had 5 spell levels left.
You didn't know any spells.
Your spell library contained the following spells:

 Spells                   Type           Power      Damage    Failure   Level
 Beastly Appendage        Tmut           0%         N/A       99%         1
 Wereblood                Tmut           0%         N/A       100%        2
 Inner Flame              Hex/Fire       0%         N/A       100%        3
 Spider Form              Tmut/Pois      0%         N/A       100%        3
 Cause Fear               Hex            0%         N/A       100%        4
 Freezing Cloud           Conj/Ice/Air   0%         6-21      100%        5
 Simulacrum               Ice/Necr       0%         N/A       100%        6
 Discord                  Hex            0%         N/A       100%        8
 Polar Vortex             Ice            0%         N/A       100%        9


Dungeon Overview and Level Annotations

Branches:
Dungeon (4/15)
 Temple: D:4-7

Altars:
Xom

Shops:
D:2 [

Annotations:
D:4 Dowan


Innate Abilities, Weirdness & Mutations

You have a pair of horns on your head.
You reflexively headbutt those who attack you in melee.


Message History

You barely miss Dowan.
Dowan is lightly wounded.
You block Dowan's attack. x2
You barely miss Dowan.
Dowan is lightly wounded.
Dowan says, "Magic will overcome all!"
You block Dowan's attack. Dowan barely misses you.
You closely miss Dowan. You headbutt Dowan!
Dowan is heavily wounded.
Dowan casts a spell.
Dowan blinks!
You block Dowan's attack.
You hit Dowan. Your headbutt misses Dowan.
Dowan is heavily wounded.
Dowan hits you but does no damage. Dowan completely misses you.
You furiously retaliate!
You headbutt Dowan! You barely miss Dowan.
Dowan is almost dead.
Dowan casts a spell.
Dowan blinks!
Dowan points at you and mumbles some strange words.
The shard of ice misses you. Dowan hits you with a +0 dagger.
You closely miss Dowan. Your headbutt misses Dowan.
Dowan is almost dead.
You block Dowan's attack.
Dowan points at you and mumbles some strange words.
The shard of ice hits you!
* * * LOW HITPOINT WARNING * * *
You closely miss Dowan.
Dowan is almost dead.
You block Dowan's attack. Dowan barely misses you.
Dowan hits you with a +0 dagger.
* * * LOW HITPOINT WARNING * * *
Unknown command.
You hit Dowan but do no damage.
Dowan is almost dead.
You block Dowan's attack. Dowan gestures at you while chanting.
The shard of ice hits you!
You die...

..######.#......#.##........
............................
.........##..###............
##...........#....##.##.....
##.#####.......##.#..##.....
..........#.........###.....
..######..#.................
##.##e.##########.....
##..#.@..# ##.... #..##.)..#
##... #####.......# ####
.<......# .#.......#
#.#.......# # #....(..#
#########


You could see Dowan (fast).

Vanquished Creatures
  Duvessa (D:4)
  A centaur skeleton (D:4)
  Natasha (thrice) (D:4)
  A hound skeleton (D:4)
  Robin (D:2)
  5 gnolls
  3 adders (D:2)
  3 worms
  4 dart slugs
  6 endoplasms
  4 giant cockroaches
  10 hobgoblins
  3 jackals (D:2)
  6 quokkas
  3 ball pythons
  12 bats
  2 frilled lizards
  9 goblins
  6 kobolds
  8 rats
91 creatures vanquished.

Notes
Turn   | Place    | Note
-------+----------+-------------------------------------------
     0 | D:1      | Sin92 the Minotaur Fighter began the quest for the Orb.
     0 | D:1      | Reached XP level 1. HP: 19/19 MP: 0/0
   127 | D:1      | Reached XP level 2. HP: 27/27 MP: 1/1
   748 | D:1      | Reached skill level 1 in Dodging
   794 | D:1      | Reached XP level 3. HP: 30/33 MP: 2/2
   982 | D:1      | Found a faded altar of an unknown god.
  1748 | D:2      | Reached XP level 4. HP: 40/40 MP: 3/3
  1802 | D:2      | Noticed Robin
  1809 | D:2      | Killed Robin
  1969 | D:2      | Found a shimmering altar of Xom.
  2212 | D:2      | Reached XP level 5. HP: 17/47 MP: 4/4
  2461 | D:2      | Found Zutaodea's Armour Shoppe.
  3218 | D:4      | Noticed Natasha
  3221 | D:4      | Killed Natasha
  3297 | D:4      | Noticed Natasha
  3305 | D:4      | Killed Natasha
  3306 | D:4      | Reached XP level 6. HP: 31/53 MP: 5/5
  3353 | D:4      | Noticed Natasha
  3360 | D:4      | Killed Natasha
  3361 | D:4      | Reached skill level 5 in Axes
  3469 | D:4      | Noticed Duvessa
  3469 | D:4      | Noticed Dowan
  3476 | D:4      | Killed Duvessa
  3477 | D:4      | Reached skill level 5 in Shields
  3487 | D:4      | Killed from afar by Dowan

Illustrated notes

Levels and vault maps discovered:
D:1:      lemuel_arrival_river_bridge, layout_basic,
          shapermc_ecumenical_altar_petra, minmay_crystal_water
D:2:      layout_loops_cross, serial_shops, nicolae_shop_behind_doors,
          basic_altar, uniq_robin
D:3:      layout_rooms, minivault_24
D:4:      layout_rooms, zin_treasury, uniq_duvessa, uniq_natasha

Skill      XL: |  1  2  3  4  5  6 |
---------------+-------------------+-----
Axes           | 3 4 5 |  5.3
Dodging        | 1 2 |  2.6
Fighting       | 4 |  4.8
Shields        | 4 5 |  5.0
Armour         | 4 |  4.7

Action                   |  1- 3 |  4- 6 || total
-------------------------+-------+-------++-------
Melee: War axe           |   121 |   125 ||   246
       Headbutt          |     9 |    24 ||    33
Armor: Scale mail        |    61 |    38 ||    99
Dodge: Dodged            |    40 |    37 ||    77
Block: Kite shield       |    83 |    85 ||   168
